 Dungeon Crawl Stone Soup version 0.26.1-11-gd32895ea62 (webtiles) character file.

Game seed: 13767447726947442117

1595 Thatpatchoflichen the Ruffian (level 8, -2/80 HPs)
             Began as a Troll Fighter on Apr 13, 2021.
             Was a Believer of Elyvilon.
             Killed by nerve-wracking pain
             ... invoked by an orc priest
              (13 damage)
             ... on level 6 of the Dungeon.
             The game lasted 00:08:54 (4492 turns).

Thatpatchoflichen the Ruffian (Troll Fighter)       Turns: 4492, Time: 00:08:55

Health: -2/80      AC:  7    Str: 25    XL:     8   Next: 62%
Magic:  7/7        EV: 14    Int:  4    God:    Elyvilon [**....]
Gold:   292        SH: 10    Dex: 11    Spells: 7/7 levels left

rFire    . . .     SeeInvis .     - Unarmed
rCold    . . .     Faith    .   b - +0 kite shield
rNeg     . . .     Spirit   .   a - +0 robe
rPois    .         Reflect  .   (helmet restricted)
rElec    .         Harm     .   o - +0 cloak
rCorr    +         Rampage  .   (gloves unavailable)
Will     .....                  (boots unavailable)
Stlth    +.........             r - amulet of the acrobat
HPRegen  0.63/turn              i - +4 ring of evasion
MPRegen  0.10/turn              n - ring of resist corrosion

@: no status effects
A: large, unfitting armour, claws 3, regeneration 1, shaggy fur 1, tough skin 3
a: Renounce Religion, Lesser Healing, Heal Other, Divine Protection


You were on level 6 of the Dungeon.
You worshipped Elyvilon.
Elyvilon was pleased with you.
You visited 1 branch of the dungeon, and saw 6 of its levels.

You collected 292 gold pieces.

Inventory:

Missiles
 j - 13 poisoned darts (quivered)
 l - 4 javelins
Armour
 a - a +0 robe (worn)
 b - a +0 kite shield (worn)
 o - a +0 cloak (worn)
Jewellery
 i - a +4 ring of evasion (left claw)
 n - a ring of resist corrosion (right claw)
 r - an amulet of the acrobat (around neck)
 s - an uncursed amulet of the acrobat
Scrolls
 d - 2 scrolls of enchant weapon {unknown}
 f - 8 scrolls of teleportation {unknown}
 g - 6 scrolls of identify {unknown}
 h - a scroll of random uselessness {unknown}
 k - 3 scrolls of remove curse {unknown}
 m - a scroll of noise {unknown}
 p - 2 scrolls of immolation {unknown}
 q - a scroll of blinking {unknown}
 v - a scroll of fog {unknown}
 y - a scroll of amnesia {unknown}
 B - a scroll of fear {unknown}
 E - a scroll of magic mapping {unknown}
Potions
 c - 2 potions of might
 e - 2 potions of haste {unknown}
 t - 2 potions of brilliance {unknown}
 u - a potion of heal wounds {unknown}
 w - 2 potions of cancellation {unknown}
 x - a potion of mutation {unknown}
 z - a potion of degeneration {unknown}
 A - 3 potions of flight {unknown}
 C - a potion of lignification {unknown}
 D - a potion of curing {unknown}
 F - a potion of magic {unknown}


   Skills:
 + Level 5.1 Fighting
 + Level 5.1 Dodging
 + Level 5.3 Shields
 + Level 5.6 Unarmed Combat


You had 7 spell levels left.
You didn't know any spells.
Your spell library was empty.

Dungeon Overview and Level Annotations

Branches:
Dungeon (6/15)
 Temple: D:4-7

Altars:
Ashenzari
Elyvilon
Fedhas
Vehumet
Yredelemnul

Annotations:
D:2 2 transporters


Innate Abilities, Weirdness & Mutations

You are too large for most types of armour.
You have claws for hands.
Your natural rate of healing is unusually fast.
You are covered in fur. (AC +1)
You have extremely tough skin. (AC +3)


Message History

The orc warrior hits you but does no damage.
You barely miss the orc warrior.
The orc warrior is severely wounded.
You block the orc's attack.
You claw the orc warrior!
You kill the orc warrior!
The orc priest mumbles some strange prayers to Beogh against you.
Beogh smites you!
* * * LOW HITPOINT WARNING * * *
The orc closely misses you.
The orc priest invokes the aid of Beogh against you.
Beogh smites you!
* * * LOW HITPOINT WARNING * * *
You block the orc's attack.
Things that are here:
a +0 scimitar; a +0 plate armour You barely miss the orc.
The orc priest calls down the wrath of Beogh upon you.
Pain shoots through your body!
You die...

.........#......##..
..).....##.###..## .
..........<# #....
..........#####.##.
#.........#.....#
#.............
#...........####
#..............###
#.........####.)@#
#.........#
###oo....#
#.........#
##.......
#.........# #......
#.........# .....#
##.......## .....#
##.....## ....#
####### ....#


You could see an orc priest and an orc.

Vanquished Creatures
  Grinder (D:5)
  Menkaure (D:4)
  An ice beast (D:6)
  An orc warrior (D:6)
  2 ogres (D:5)
  A phantom (D:4)
  3 scorpions
  3 howler monkeys
  An orc priest (D:5)
  A gnoll shaman (D:5)
  4 orc wizards
  Natasha (thrice) (D:4)
  10 gnolls (D:5)
  10 adders
  A shadow imp (D:5)
  A white imp (D:4)
  An ooze (D:5)
  2 adder skeletons (D:5)
  2 worms
  2 dart slugs
  5 leopard geckos
  17 orcs
  12 bats
  3 giant cockroaches
  6 goblins
  7 hobgoblins
  2 jackals (D:5)
  A quokka (D:6)
  2 ball pythons
  7 frilled lizards
  A jackal zombie (D:6)
  5 kobolds
  6 rats
125 creatures vanquished.

Notes
Turn   | Place    | Note
-------+----------+-------------------------------------------
     0 | D:1      | Thatpatchoflichen the Troll Fighter began the quest for the
                  | Orb.
     0 | D:1      | Reached XP level 1. HP: 22/22 MP: 0/0
   193 | D:1      | Reached XP level 2. HP: 28/29 MP: 1/1
   235 | D:2      | Noticed an orc warrior
   237 | D:2      | Found a broken altar of Ashenzari.
   237 | D:2      | Found a transporter.
   533 | D:1      | Reached XP level 3. HP: 28/36 MP: 2/2
   795 | D:2      | Found a transporter.
   892 | D:2      | Noticed a scorpion
   904 | D:2      | Killed a scorpion
   905 | D:2      | Reached XP level 4. HP: 33/44 MP: 3/3
  1071 | D:2      | Found a radiant altar of Vehumet.
  1521 | D:3      | Reached XP level 5. HP: 53/53 MP: 4/4
  2117 | D:4      | Found a white marble altar of Elyvilon.
  2117 | D:4      | Noticed Menkaure
  2119 | D:4      | Noticed a phantom
  2125 | D:4      | Killed Menkaure
  2126 | D:4      | Reached XP level 6. HP: 25/61 MP: 5/5
  2232 | D:4      | Became a worshipper of Elyvilon the Healer
  2447 | D:4      | Found a blossoming altar of Fedhas.
  2454 | D:4      | Reached * piety under Elyvilon
  2542 | D:4      | Reached XP level 7. HP: 68/68 MP: 6/6
  2551 | D:4      | Noticed Natasha
  2558 | D:4      | Killed Natasha
  2702 | D:4      | Noticed Natasha
  2714 | D:4      | Killed Natasha
  2872 | D:4      | Noticed Natasha
  2881 | D:4      | Killed Natasha
  3176 | D:5      | Entered Level 5 of the Dungeon
  3366 | D:5      | Noticed Grinder
  3381 | D:5      | Killed Grinder
  3478 | D:5      | Reached XP level 8. HP: 79/79 MP: 7/7
  3585 | D:5      | Reached skill level 5 in Unarmed Combat
  3589 | D:5      | Found a basalt altar of Yredelemnul.
  3789 | D:5      | Reached skill level 5 in Shields
  4050 | D:5      | Reached ** piety under Elyvilon
  4452 | D:6      | Reached skill level 5 in Fighting
  4452 | D:6      | Reached skill level 5 in Dodging
  4492 | D:6      | Killed from afar by an orc priest

Illustrated notes

Levels and vault maps discovered:
D:1:      roderic_chinese_lattice_arrival, layout_loops_ring,
          minmay_pentomino_o4
D:2:      layout_rooms, lemuel_round_altar, gammafunk_temple_overflow_arena,
          minmay_cupped
D:3:      layout_basic, grunt_decor_mini_mirrors, bh_walls_and_bars
D:4:      layout_basic, lemuel_doored_altar, elyvilon_altar_5,
          chequers_serial_rivers_large_a, uniq_natasha, uniq_menkaure
D:5:      layout_loops_ring, yredelemnul_altar_generic, hangedman_decor_push,
          uniq_grinder
D:6:      layout_rooms, minmay_temple_entry_arrows, serial_curves,
          eino_curves_02, eino_curves_04

Skill      XL: |  1  2  3  4  5  6  7  8 |
---------------+-------------------------+-----
Shields        | 3 4 5 |  5.3
Dodging        | 3 4 5 |  5.1
Fighting       | 3 4 5 |  5.1
Unarmed Combat | 3 4 5 |  5.6

Action                   |  1- 3 |  4- 6 |  7- 9 || total
-------------------------+-------+-------+-------++-------
Melee: Unarmed           |   110 |   121 |   215 ||   446
Armor: Robe              |    65 |    40 |    31 ||   136
Dodge: Dodged            |    72 |    52 |   114 ||   238
Block: Kite shield       |    79 |    54 |   119 ||   252
